 Dungeon Sprint DCSS version 0.27-a0-1137-g3ef0f4ec91 (webtiles) character file.

Game seed: 2499498574823679154

2173 Zeld the Destroyer (level 9, -1/58 HPs)
             Began as an Octopode Conjurer on May 6, 2021.
             Was a Believer of Sif Muna.
             Slain by a deep troll (7 damage)
             ... in the Dungeon (Sprint I: "Red Sonja").
             The game lasted 00:03:26 (2129 turns).

Zeld the Destroyer (Octopode Conjurer)              Turns: 2129, Time: 00:03:26

Health: -1/58      AC:  1    Str:  6    XL:     9   Next: 32%
Magic:  4/20       EV: 15    Int: 23    God:    Sif Muna [**....]
Gold:   426        SH:  0    Dex: 11    Spells: 11/22 levels left

rFire    . . .     SeeInvis .   (no weapon)
rCold    . . .     Faith    .   (no shield)
rNeg     . . .     Spirit   .   (helmet restricted)
rPois    +         Reflect  .   (no amulet)
rElec    .         Harm     .   o - ring of poison resistance
rCorr    .         Rampage  .   (no ring)
Will     .....     NoTele   +   (no ring)
Stlth    +++.......             (no ring)
HPRegen  0.19/turn              (no ring)
MPRegen  0.17/turn              (no ring)
                                (no ring)
                                (no ring)

@: no status effects
A: almost no armour, amphibious, 8 rings, camouflage 1, gelatinous body 1,
(nimble swimmer 1), tentacles, frail 1
a: Renounce Religion, Channel Magic


You were in the Dungeon.
You worshipped Sif Muna.
Sif Muna was pleased with you.
You visited 1 branch You collected 768 gold pieces.
You spent 342 gold pieces at shops.

Inventory:

Jewellery
 o - a ring of poison resistance (left tentacle)
Wands
 a - a wand of digging (3)
Scrolls
 g - a scroll of blinking
 j - a scroll of holy word {unknown}
 k - a scroll of enchant armour {unknown}
 l - a scroll of fog {unknown}
 m - a scroll of identify {unknown}
 n - a scroll of immolation {unknown}
Potions
 b - 3 potions of curing
 c - a potion of heal wounds
 d - a potion of haste
 e - 2 potions of magic
 f - a potion of might {unknown}
 h - a potion of attraction {unknown}
 i - 2 potions of lignification {unknown}
 p - a potion of resistance {unknown}


   Skills:
 + Level 7.7 Fighting
 + Level 8.1 Dodging
 - Level 2.6 Stealth
 + Level 7.4 Spellcasting
 * Level 11.6 Conjurations
 - Level 8.0 Hexes
 - Level 8.0 Translocations


You had 11 spell levels left.
You knew the following spells:

 Your Spells              Type           Power      Damage    Failure   Level
a - Magic Dart            Conj           100%       1d8       1%          1
b - Searing Ray           Conj           100%       3d7       1%          2
c - Fulminant Prism       Conj/Hex       26%        3d14      1%          4
d - Iskenderun's Mystic   Conj/Tloc      52%        2d11      1%          4

Your spell library contained the following spells:

 Spells                   Type           Power      Damage    Failure   Level
 Dazzling Flash           Conj/Hex       100%       N/A       1%          3


Dungeon Overview and Level Annotations

Branches:
Dungeon (1/1)

Altars:
Cheibriados
Dithmenos
Elyvilon
Fedhas
Gozag
Hepliaklqana
Kikubaaqudgha
Makhleb
Nemelex Xobeh
Okawaru
Qazlal
Ru
Sif Muna
Trog
Uskayaw
Vehumet
Wu Jian
Xom
Yredelemnul
Zin
The Shining One
Jiyva
Lugonu

Shops:
D [*


Innate Abilities, Weirdness & Mutations

You cannot wear most types of armour.
You are amphibious.
You can wear up to eight rings at the same time.
Your skin changes colour to match your surroundings (Stealth+).
Your rubbery body absorbs attacks. (AC +1, EV +1)
((You are camouflaged near water. (Stealth+)))
You have tentacles for arms and can constrict up to eight enemies at once.
You are frail. (-10% HP)


Message History

You open the door.
A deep troll comes into view.
Found 108 gold pieces.
Casting: Searing Ray (safe; 1% risk of failure)
Confirm with . or Enter, or press ? or * to list all spells.
Aiming: Searing Ray (safe; 1% risk of failure)
Press: ? - help, Shift-Dir - straight line, f - deep troll
Aim: a deep troll (asleep, 100% to hit)
The searing ray hits the deep troll!
The deep troll is lightly wounded.
The deep troll shouts! (Press . to maintain the ray.)
The searing ray hits the deep troll!
The deep troll is moderately wounded.
The searing ray hits the deep troll!
The deep troll is heavily wounded.
The searing ray hits the deep troll!
The deep troll is severely wounded.
You finish channeling your searing ray.
The deep troll bites you. The deep troll claws you!
The deep troll closely misses you.
Casting: Searing Ray (safe; 1% risk of failure)
Confirm with . or Enter, or press ? or * to list all spells.
You erupt in a blast of force!
The mystic blast hits the deep troll!
The deep troll is almost dead.
The deep troll misses you. The deep troll closely misses you. x2
Casting: Iskenderun's Mystic Blast (dangerous; 1% risk of failure)
Confirm with . or Enter, or press ? or * to list all spells.
You erupt in a blast of force!
The mystic blast hits the deep troll.
The deep troll is almost dead.
The deep troll misses you. x2; The deep troll claws you!
Unknown command.
Casting: Iskenderun's Mystic Blast (dangerous; 1% risk of failure)
Confirm with . or Enter, or press ? or * to list all spells.
You erupt in a blast of force!
The mystic blast hits the deep troll but does no damage.
The deep troll is almost dead.
The deep troll bites you!!
* * * LOW HITPOINT WARNING * * *
The deep troll misses you. The deep troll claws you!
You die...

#...####'#####'#__####
#..####..#...#.####
#..#__####..##)#
#..#_____##'#_.+
#⌠⌠#_.∩...'..._#
##.#_..__##_.#'#
#..#_____###'#.#
############.####+###
#∩...G.GG.+..@T$$.$$+
###''''####.(.#######
#...... ###.###
#.G.... #.#'#.#
#..#..G #.....# #.
.... #..(?.# # .G..#
####### G....


You could see a deep troll.

Vanquished Creatures
  Sonja (D)
  2 shining eyes (D)
  A slime creature (D)
  Sigmund (D)
  A yak (D)
  2 floating eyes (D)
  An ogre (D)
  A jelly (D)
  Ijyb (D)
  A ballistomycete spore (D)
12 creatures vanquished.

Vanquished Creatures (others)
  3 hornets (D)
  A ballistomycete spore (D)
  2 fulminant prisms (D)
6 creatures vanquished.

Grand Total: 18 creatures vanquished

Notes
Turn   | Place    | Note
-------+----------+-------------------------------------------
     0 | D        | Zeld the Octopode Conjurer began the quest for the Orb.
     0 | D        | Reached XP level 1. HP: 11/11 MP: 3/3
     3 | D        | Noticed Ijyb
    13 | D        | Killed Ijyb
    14 | D        | Reached skill level 5 in Conjurations
    14 | D        | Reached XP level 2. HP: 2/19 MP: 1/6
    14 | D        | Reached XP level 3. HP: 3/24 MP: 1/7
   406 | D        | Killed a hornet
   614 | D        | Learned a level 2 spell: Searing Ray
   615 | D        | Noticed an ogre
   619 | D        | Killed an ogre
   620 | D        | Reached skill level 7 in Conjurations
   620 | D        | Reached XP level 4. HP: 33/33 MP: 2/10
   625 | D        | Learned a level 4 spell: Fulminant Prism
   630 | D        | Learned a level 4 spell: Iskenderun's Mystic Blast
   757 | D        | Killed a hornet
   830 | D        | Killed a hornet
   944 | D        | Noticed Sigmund
   949 | D        | Killed Sigmund
   950 | D        | Reached skill level 5 in Hexes
   950 | D        | Reached skill level 5 in Translocations
   950 | D        | Reached XP level 5. HP: 29/37 MP: 4/11
   950 | D        | Reached XP level 6. HP: 33/43 MP: 4/12
  1028 | D        | Found an ornate altar of the Wu Jian Council.
  1028 | D        | Found a shimmering blue altar of Sif Muna.
  1030 | D        | Found a radiant altar of Vehumet.
  1035 | D        | Became a worshipper of Sif Muna the Loreminder
  1137 | D        | Found Fepiy's Assorted Antiques.
  1137 | D        | Found an ancient bone altar of Kikubaaqudgha.
  1137 | D        | Found a hazy altar of Hepliaklqana.
  1137 | D        | Found a stormy altar of Qazlal.
  1137 | D        | Found a hide-covered altar of Uskayaw.
  1137 | D        | Found a blossoming altar of Fedhas.
  1137 | D        | Found a bloodstained altar of Trog.
  1137 | D        | Found an iron altar of Okawaru.
  1137 | D        | Found a basalt altar of Yredelemnul.
  1137 | D        | Found a glowing golden altar of the Shining One.
  1137 | D        | Found a snail-covered altar of Cheibriados.
  1137 | D        | Found a sacrificial altar of Ru.
  1137 | D        | Found a glowing silver altar of Zin.
  1137 | D        | Found a shadowy altar of Dithmenos.
  1137 | D        | Found a white marble altar of Elyvilon.
  1137 | D        | Noticed a yak
  1144 | D        | Killed a yak
  1145 | D        | Reached XP level 7. HP: 37/47 MP: 3/13
  1145 | D        | Found an opulent altar of Gozag.
  1146 | D        | Found a sparkling altar of Nemelex Xobeh.
  1150 | D        | Bought a smoky black potion for 24 gold pieces
  1150 | D        | Bought a fizzy brown potion for 24 gold pieces
  1150 | D        | Bought a fizzy brown potion for 24 gold pieces
  1150 | D        | Bought a scroll labelled TOTAAT HEIPAHO for 27 gold pieces
  1150 | D        | Bought a scroll labelled BAZ OPNI NAR for 27 gold pieces
  1150 | D        | Bought a scroll labelled SIFROF INAEGE for 27 gold pieces
  1150 | D        | Bought a scroll labelled XYFUNK DIEMM for 27 gold pieces
  1150 | D        | Bought a scroll labelled MORESY ECZOI for 27 gold pieces
  1150 | D        | Bought a bronze ring for 135 gold pieces
  1318 | D        | Found a burning altar of Makhleb.
  1318 | D        | Found a shimmering altar of Xom.
  1318 | D        | Noticed a slime creature
  1334 | D        | Killed a slime creature
  1334 | D        | Reached * piety under Sif Muna
  1335 | D        | Reached skill level 5 in Dodging
  1335 | D        | Reached skill level 8 in Conjurations
  1378 | D        | Found a viscous altar of Jiyva.
  1378 | D        | Found a corrupted altar of Lugonu.
  1515 | D        | Noticed Sonja
  1517 | D        | Killed Sonja
  1518 | D        | Reached skill level 9 in Conjurations
  1518 | D        | Reached XP level 8. HP: 57/57 MP: 11/17
  1703 | D        | Found Feufopu's Armour Boutique.
  1717 | D        | Noticed a shining eye
  1717 | D        | Noticed a shining eye
  1717 | D        | Noticed a shining eye
  1722 | D        | Paralysed by a floating eye for 3 turns
  1726 | D        | Reached skill level 10 in Conjurations
  1927 | D        | Gained mutation: You are frail. (-10% HP) [a shining eye]
  1943 | D        | Killed a shining eye
  1943 | D        | Reached ** piety under Sif Muna
  1944 | D        | Reached XP level 9. HP: 57/57 MP: 7/19
  1945 | D        | Killed a shining eye
  1945 | D        | Noticed a shining eye
  1946 | D        | Reached skill level 11 in Conjurations
  1947 | D        | Noticed a shining eye
  2122 | D        | Noticed a deep troll
  2129 | D        | Slain by a deep troll

Illustrated notes

Levels and vault maps discovered:
D:        dungeon_sprint_1 [red_sonja_temple_1, red_sonja_temple_small_1]

Skill      XL: |  1  2  3  4  5  6  7  8  9 |
---------------+----------------------------+-----
Fighting       | 2 3 6 7 |  7.7
Dodging        | 3 4 6 7 8 |  8.1
Spellcasting   | 3 4 6 7 |  7.4
Conjurations   | 5 7 9 10 11 | 11.6
Hexes          | 5 7 8 |  8.0
Translocations | 5 7 8 |  8.0
Stealth        | |  2.6

Action                   |  1- 3 |  4- 6 |  7- 9 || total
-------------------------+-------+-------+-------++-------
Melee: Unarmed           |     6 |       |       ||     6
       Tentacles         |     2 |       |       ||     2
       Constrict         |     1 |       |       ||     1
 Cast: Magic Dart        |     2 |       |     4 ||     6
       Searing Ray       |     2 |     5 |     7 ||    14
       Iskenderun's Myst |       |       |     4 ||     4
       Fulminant Prism   |       |       |     2 ||     2
Evoke: Wand              |       |     1 |       ||     1
  Use: Potion            |     1 |       |       ||     1
Armor: Skin              |     1 |       |       ||     1
Dodge: Dodged            |       |     6 |     8 ||    14

Table legend: (Time is in decaauts)
 A = Elapsed time spent in this place.
 B = Non-inter-level travel time spent in this place.
 C = Inter-level travel time spent in this place.
 D = Time resting spent in this place.
 E = Time spent auto-exploring this place.
 F = Levels seen in this place.
 G = Mean time per level.
                   A        B        C        D        E       F      G
               +--------+--------+--------+--------+--------+-----+--------+
         Total |   2136 |   2136 |      0 |   1823 |      0 |   1 | 2136.0 |
       Dungeon |   2136 |   2136 |      0 |   1823 |      0 |   1 | 2136.0 |
               +--------+--------+--------+--------+--------+-----+--------+

Top non-repeatable levels by time:
       D: 2136 daAuts
